AoeStats
← V. Leonghis

Arena

509338823Analyzed
1v1 RM · 7d ago on Sep 26, 2026· 51m 22s· 2 players
Game mode
Random Map
Map size
Tiny (2 player)
Population
200
Speed
Normal
Resources
Standard
Victory
Conquest
Starting age
Dark Age
Ending age
Imperial Age
RankedLock teamsTeams togetherTeam positionsShared explorationLock speedFull tech treeHidden civsTurbo modeCheats
Victory
Defeat
🇹🇷 Khmer · Türkiye
892
+16
🇹🇷 Chinese · Türkiye
899
-16
V. Leonghis
4:45 Loom
10:10 Feudal Age
13:31 Castle Age
12:42 Double-Bit Axe
12:39 Horse Collar
14:36 Wheelbarrow
22:58 Heavy Plow
23:29 Bow Saw
28:50 Imperial Age
27:53 Ballistics
27:43 Husbandry
27:53 Bloodlines
30:21 Double Crossbow
34:28 Light Cavalry
36:29 Siege Engineers
37:25 Chemistry
37:22 Double Crossbow
41:07 Heavy Scorpion
41:57 Gold Mining
41:59 Stone Mining
44:17 Hussar
44:58 Husbandry
48:08 Forging
48:04 Scale Barding Armor
48:18 Town Watch
48:53 Hand Cart
50:34 Iron Casting
50:20 Chain Barding Armor
IImparator
0:27 Loom
9:54 Feudal Age
10:25 Double-Bit Axe
19:11 Castle Age
17:18 Horse Collar
17:33 Stone Mining
18:10 Gold Mining
20:26 Bow Saw
24:25 Gold Shaft Mining
25:50 Heavy Plow
32:13 Imperial Age
30:52 Stone Shaft Mining
30:12 Fletching
31:58 Wheelbarrow
31:09 Town Watch
31:21 Bodkin Arrow
31:37 Murder Holes
31:34 Heated Shot
32:19 Masonry
32:30 Ballistics
33:22 Hand Cart
35:38 Hand Cart
36:25 Two-Man Saw
35:01 Heavy Rocket Cart
37:10 Bracer
38:13 Chemistry
37:44 Architecture
36:40 Heavy Rocket Cart
38:03 Elite Fire Lancer
39:42 Padded Archer Armor
39:56 Town Patrol
40:09 Forging
41:02 Leather Archer Armor
41:17 Conscription
41:41 Coinage
42:08 Architecture
42:32 Iron Casting
41:57 Scale Mail Armor
43:16 Ring Archer Armor
42:56 Thumb Ring
43:49 Banking
42:54 Elite Skirmisher
44:22 Elite Chu Ko Nu
45:39 Rocketry
Connection lost

Rejoining the realm…

Still unreachable

The connection could not be restored.

Session expired

The server has moved on; the page needs a fresh start.